 Dungeon Crawl Stone Soup version 0.31-a0-240-gb923e448b6 (webtiles) character file.

Game seed: 3352126182634397729

457 qw the Shooter (level 6, -5/52 HPs)
             Began as a Minotaur Hexslinger on July 12, 2023.
             Slain by an orc warrior
             ... wielding a +0 hand axe
              (8 damage)
             ... on level 3 of the Dungeon.
             The game lasted 00:01:46 (3775 turns).

qw the Shooter (Minotaur Hexslinger)                Turns: 3775, Time: 00:01:47

Health: -5/52      AC:  6    Str: 12    XL:     6   Next: 77%
Magic:  6/6        EV: 11    Int: 10    God:
Gold:   223        SH:  0    Dex: 15    Spells: 6/7 levels left

rFire   . . .        Y - +3 sling
rCold   . . .        (no shield)
rNeg    . . .        g - +0 ring mail
rPois   .            (helmet restricted)
rElec   +            (no cloak)
rCorr   .            (no gloves)
SInv    .            (no boots)
Will    .....        (no amulet)
Stlth   +            (no ring)
HPRegen 0.28/turn    (no ring)
MPRegen 0.10/turn

%: no passive effects
@: about to teleport
A: horns 2, retaliatory headbutt, sense surroundings 1, shaggy fur 1,
electricity resistance
a: no special abilities


You were on level 3 of the Dungeon.
You visited 1 branch of the dungeon, and saw 4 of its levels.

You collected 223 gold pieces.


Innate Abilities, Weirdness & Mutations

You have a pair of horns on your head.
You reflexively headbutt those who attack you in melee.
You passively map a small area around you.
You are covered in fur. (AC +1)
You are resistant to electric shocks. (rElec)


   Skills:
 - Level 4.1 Fighting
 + Level 7.0 Ranged Weapons
 - Level 1.0 Armour
 - Level 2.1 Dodging
 - Level 1.0 Spellcasting
 - Level 2.0 Hexes


You had 6 spell levels left.
You knew the following spells:

 Your Spells              Type           Power      Damage    Failure   Level
a - Slow                  Hex            16%        N/A       34%         1

Your spell library contained the following spells:

 Spells                   Type           Power      Damage    Failure   Level
 Inner Flame              Hex/Fire       2%         N/A       83%         3
 Portal Projectile        Hex/Tloc       4%         N/A       83%         3
 Cause Fear               Hex            2%         N/A       98%         4

Inventory:

Hand Weapons
 Y - a +3 sling (weapon)
Armour
 g - a +0 ring mail (worn)
Jewellery
 d - a ring of ice
Wands
 b - a wand of digging (5)
Scrolls
 a - a scroll of teleportation
 c - a scroll of identify
Potions
 f - a potion of mutation

Dungeon Overview and Level Annotations

Branches:
Dungeon (4/15)
 Temple: D:4-7

Altars:
Uskayaw


Message History

You climb downwards.
The orc warrior unwields a +0 orcbow.
The orc warrior wields a +0 hand axe.
The orc warrior hits you with a +0 hand axe.
There is a stone staircase leading up, spattered with blood here.
3765 ||| STAIRDANCE The orc warrior hits you with a +0 hand axe.
You climb upwards.
There is a stone staircase leading down here.
You shoot a sling bullet.
The sling bullet closely misses the orc warrior.
The orc warrior closely misses you.
You shoot a sling bullet.
The sling bullet hits the orc warrior but does no damage.
The orc warrior closely misses you.
You shoot a sling bullet.
The sling bullet hits the orc warrior but does no damage.
The orc warrior hits you with a +0 hand axe!
You shoot a sling bullet.
The sling bullet hits the orc warrior but does no damage.
The orc warrior barely misses you.
You shoot a sling bullet. The sling bullet hits the orc warrior.
The orc warrior is lightly wounded.
The orc warrior hits you with a +0 hand axe!
You shoot a sling bullet.
The sling bullet hits the orc warrior but does no damage.
The orc warrior is lightly wounded.
The orc warrior hits you with a +0 hand axe.
The orc warrior hits you with a +0 hand axe!
3773 ||| READING 2 scrolls of teleportation.
As you read the scroll of teleportation, it crumbles to dust.
You feel strangely unstable. The orc warrior barely misses you.
You shoot a sling bullet.
The sling bullet hits the orc warrior but does no damage.
The orc warrior is lightly wounded.
The orc warrior hits you with a +0 hand axe.
You shoot a sling bullet.
The sling bullet closely misses the orc warrior.
The orc warrior hits you with a +0 hand axe!
You die...

### ######### ##.##
........######.#.##
####
#######..>....###.#
########...
##.............#..##
#....[...#.
...#####...........#
#.###^##...
.........######[.o##
#.# #.###..
########## #.@## #.#
#.# #.. # #..# #.#
#.# ##. # ##..# #<#
#.# ## # ##...# #.#
#.# # #
#########....# #.#
#.# # #
#............# #(#
#.# # #.#######....#
#.# #.##### #.#
##...# #.###.##...
#.#
#...######..##.##.##


You could see an orc warrior.

Vanquished Creatures
  4 orc priests
  A hound (D:4)
  An iguana (D:4)
  4 orc wizards
  8 adders
  An ufetubus (D:3)
  3 worms
  21 orcs
  6 ball pythons
  4 endoplasms
  3 giant cockroaches
  7 goblins
  3 hobgoblins
  5 kobolds
  3 quokkas
  8 bats
  4 frilled lizards
  7 rats
93 creatures vanquished.

Notes
Turn   | Place    | Note
-------+----------+-------------------------------------------
     0 | D:1      | qw the Minotaur Hexslinger began the quest for the Orb.
     0 | D:1      | Reached XP level 1. HP: 16/16 MP: 1/1
     0 | D:1      | 0 ||| qw: Version: 0.3-a-52-g30416fa
     0 | D:1      | 0 ||| qw: Game counter: 6165
     0 | D:1      | 0 ||| qw: Melee chars always use a shield: true
     0 | D:1      | 0 ||| qw: God list: Okawaru
     0 | D:1      | 0 ||| qw: Allow faded altars: false
     0 | D:1      | 0 ||| qw: Do Orc after clearing Dungeon:15 true
     0 | D:1      | 0 ||| qw: Do second Lair branch before Depths: true
     0 | D:1      | 0 ||| qw: Lair rune preference: random
     0 | D:1      | 0 ||| qw: Goals: Normal
     0 | D:1      | 0 ||| PLANNING D:1-11
    63 | D:1      | Found a faded altar of an unknown god.
   219 | D:1      | Reached skill level 3 in Ranged Weapons
   230 | D:1      | Reached XP level 2. HP: 23/23 MP: 2/2
   725 | D:1      | 725 ||| UPGRADING to +0 ring mail.
   735 | D:1      | 735 ||| DROPPING +0 robe.
   736 | D:1      | 736 ||| READING 2 scrolls labelled BAEDGH WAQEU.
   737 | D:1      | 737 ||| READING scroll labelled KANNACUUL.
   738 | D:1      | 738 ||| DRINKING 4 metallic green potions.
   739 | D:1      | 739 ||| DROPPING scroll of revelation.
   740 | D:1      | 740 ||| DROPPING scroll of poison.
   741 | D:1      | 741 ||| DROPPING 3 potions of degeneration.
   848 | D:2      | Reached XP level 3. HP: 28/30 MP: 3/3
  1031 | D:2      | Reached skill level 4 in Ranged Weapons
  1043 | D:2      | Reached skill level 1 in Armour
  1213 | D:2      | Identified the +5 trident of Ashenzari {antimagic, rCorr}
  1357 | D:2      | Reached XP level 4. HP: 37/37 MP: 4/4
  1705 | D:2      | 1705 ||| READING 2 scrolls labelled GATOEMMA HOITOTOO.
  1708 | D:2      | 1708 ||| READING scroll labelled ZIYSEU CAIT.
  1709 | D:2      | 1709 ||| READING scroll labelled WAECSE DAUDDOISH.
  1710 | D:2      | 1710 ||| DRINKING 3 brown potions.
  1711 | D:2      | 1711 ||| DRINKING 2 golden potions.
  1909 | D:3      | 1909 ||| FLEEEEING.
  1910 | D:3      | 1910 ||| FLEEEEING.
  1911 | D:3      | 1911 ||| FLEEEEING.
  1912 | D:3      | 1912 ||| FLEEEEING.
  2004 | D:3      | Found a hide-covered altar of Uskayaw.
  2008 | D:3      | Noticed a +0 dagger
  2010 | D:3      | Noticed a +0 hand axe
  2076 | D:3      | 2076 ||| DRINKING 2 potions of curing.
  2076 | D:3      | 2076 ||| (to cure confusion)
  2080 | D:3      | 2080 ||| DRINKING potion of curing.
  2080 | D:3      | 2080 ||| (to cure confusion)
  2085 | D:3      | Reached skill level 5 in Ranged Weapons
  2085 | D:3      | Reached XP level 5. HP: 41/42 MP: 5/5
  2292 | D:3      | 2292 ||| READING scroll of enchant weapon.
  2292 | D:3      | 2292 ||| ENCHANTING +2 sling.
  2386 | D:3      | 2386 ||| DRINKING 2 bubbling inky potions.
  2386 | D:3      | Gained mutation: You are resistant to electric shocks.
                  | (rElec) [potion of mutation]
  2386 | D:3      | Gained mutation: You are covered in fur. (AC +1) [potion of
                  | mutation]
  2386 | D:3      | Gained mutation: You passively map a small area around you.
                  | [potion of mutation]
  2446 | D:4      | 2446 ||| STAIRDANCE
  2454 | D:4      | 2454 ||| STAIRDANCE
  2454 | D:4      | HP: 5/44 [orc/+0 falchion (7)]
  2456 | D:3      | 2456 ||| READING 2 scrolls of teleportation.
  2457 | D:3      | 2457 ||| DRINKING potion of heal wounds.
  2586 | D:4      | Reached skill level 3 in Fighting
  2992 | D:4      | Reached skill level 6 in Ranged Weapons
  3154 | D:4      | 3154 ||| DRINKING 2 dark potions.
  3155 | D:4      | 3155 ||| READING 2 scrolls of identify.
  3155 | D:4      | 3155 ||| IDENTIFYING fuming puce potion
  3156 | D:4      | 3156 ||| DROPPING potion of brilliance.
  3157 | D:4      | 3157 ||| DROPPING potion of invisibility.
  3167 | D:4      | Reached XP level 6. HP: 38/52 MP: 6/6
  3233 | D:4      | 3233 ||| Stepping ~*~*~tactically~*~*~ (outnumbered).
  3426 | D:4      | 3426 ||| Stepping ~*~*~tactically~*~*~ (outnumbered).
  3613 | D:4      | Noticed an orc warrior
  3616 | D:4      | 3616 ||| FLEEEEING.
  3617 | D:4      | 3617 ||| FLEEEEING.
  3620 | D:4      | 3620 ||| FLEEEEING.
  3621 | D:4      | 3621 ||| FLEEEEING.
  3622 | D:4      | 3622 ||| FLEEEEING.
  3626 | D:4      | 3626 ||| FLEEEEING.
  3627 | D:4      | 3627 ||| FLEEEEING.
  3628 | D:4      | 3628 ||| FLEEEEING.
  3629 | D:4      | 3629 ||| STAIRDANCE
  3656 | D:4      | 3656 ||| STAIRDANCE
  3702 | D:4      | 3702 ||| STAIRDANCE
  3706 | D:3      | Reached skill level 7 in Ranged Weapons
  3765 | D:4      | 3765 ||| STAIRDANCE
  3772 | D:3      | HP: 4/52 [orc warrior/+0 hand axe (13)]
  3773 | D:3      | 3773 ||| READING 2 scrolls of teleportation.
  3775 | D:3      | Slain by an orc warrior

Levels and vault maps discovered:
D:1:      noname_arrival_rooms_in_the_neighbourhood, layout_basic,
          shapermc_ecumenical_altar_venn
D:2:      layout_loops_corners, minmay_split_cup_large
D:3:      layout_loops_ring, dancing_weapons_uskayaw
D:4:      cheibrodos_pilgrimage, layout_loops_corners, dk_noncrumbling_3

Skill      XL: |  1  2  3  4  5  6 |
---------------+-------------------+-----
Ranged Weapons | 3 4 5 6 7 |  7.0
Fighting       | 2 3 4 |  4.1
Armour         | 1 |  1.0
Dodging        | |  2.1
Spellcasting   | |  1.0
Hexes          | |  2.0

Action                     |  1- 3 |  4- 6 || total
---------------------------+-------+-------++-------
   Fire: Sling             |   100 |   234 ||   334
    Use: Scroll            |     2 |     7 ||     9
         Potion            |     1 |     7 ||     8
 Armour: Robe              |     9 |       ||     9
         Ring mail         |    19 |    63 ||    82
  Dodge: Dodged            |    44 |    90 ||   134

Table legend:
 A = Non-vault XP
 B = Vault XP
 C = Vault XP percentage of total XP
 D = Non-vault monster count
 E = Vault monster count
 F = Vault count percentage of total count
                 A         B        C        D         E       F
            +---------+---------+-------+---------+---------+-------
      Total |     534 |     119 |  18.2 |      83 |      10 |  10.8
            +---------+---------+-------+---------+---------+-------
        D:1 |      20 |       0 |   0.0 |      14 |       0 |   0.0
        D:2 |      81 |      29 |  26.4 |      21 |       4 |  16.0
        D:3 |     125 |       3 |   2.3 |      22 |       1 |   4.3
        D:4 |     308 |      87 |  22.0 |      26 |       5 |  16.1
            +---------+---------+-------+---------+---------+-------
